 Dungeon Crawl Stone Soup version 0.22-a0-897-g1b7a381375 (webtiles) character file.

3765 Htamos the Basher (level 9, -7/90 (91) HPs)
             Began as a Troll Fighter on July 31, 2018.
             Was an Initiate of Trog.
             Mangled by a cyclops (24 damage)
             ... created by the fury of Okawaru
             ... on level 9 of the Dungeon.
             The game lasted 00:07:58 (5602 turns).

Htamos the Basher (Troll Fighter)                   Turns: 5602, Time: 00:07:59

HP:   -7/90 (91)    AC:  5    Str: 34      XL:     9   Next: 94%
MP:   0/0           EV: 12    Int:  4      God:    Trog [......]
Gold: 402           SH:  0    Dex: 11 (12) Spells: 8/8 levels left

rFire    . . .     SeeInvis .   v - +8 flail of Karma {flame, rC+ MP-9 Str+4}
rCold    + . .     Gourm    +   (no shield)
rNeg     . . .     Faith    .   b - +0 robe
rPois    .         Spirit   .   (helmet restricted)
rElec    .         Reflect  .   (no cloak)
rCorr    .         Harm     .   (gloves unavailable)
MR       .....                  (boots unavailable)
Stlth    ++........             E - amulet of Doors {RegenMP Str+4 Stlth+}
HPRegen  0.65/turn              (no ring)
MPRegen  0.32/turn              (no ring)

@: no status effects
A: large, unfitting armour, claws 3, fast metabolism 3, gourmand, regeneration
1, shaggy fur 1, tough skin 2
a: Renounce Religion


You were on level 9 of the Dungeon.
You worshipped Trog.
Trog was noncommittal.
You were not hungry.

You visited 2 branches of the dungeon, and saw 10 of its levels.

You collected 402 gold pieces.

Inventory:

Hand Weapons
 a - a +0 flail
 t - a +0 giant spiked club
 v - the +8 flail of Karma (weapon) {flame, rC+ MP-9 Str+4}
   (You took it off an orc on level 4 of the Dungeon)

   It has been specially enchanted to burn those struck by it, causing extra
   injury to most foes and up to half again as much damage against particularly
   susceptible opponents.
   It affects your strength (+4).
   It protects you from cold.
   It affects your magic capacity (-9).
 C - a +0 giant club
Armour
 b - a +0 robe (worn)
 c - a +0 shield
Jewellery
 q - an uncursed ring of wizardry {unknown}
 x - an uncursed amulet of regeneration {unknown}
 E - the amulet of Doors (around neck) {RegenMP Str+4 Stlth+}
   (You found it on level 7 of the Dungeon)

   [amulet of magic regeneration]

   It increases your magic regeneration.
   It affects your strength (+4).
   It makes you more stealthy.
Wands
 u - a wand of paralysis (17)
Scrolls
 i - 2 scrolls of noise {unknown}
 j - a scroll of random uselessness
 l - 3 scrolls of teleportation
 n - 2 scrolls of fog
 o - a scroll of amnesia
 w - a scroll of enchant weapon {unknown}
 y - a scroll of summoning {unknown}
Potions
 d - 3 potions of curing
 e - 2 potions of ambrosia {unknown}
 g - 2 potions of resistance {unknown}
 h - a potion of magic {unknown}
 k - a potion of brilliance {unknown}
 m - 4 potions of haste
 p - 3 potions of heal wounds {unknown}
 r - a potion of lignification {unknown}
 s - 3 potions of degeneration {unknown}
 A - a potion of agility {unknown}
 B - a potion of flight {unknown}
 D - a potion of invisibility {unknown}
Comestibles
 f - 15 rations


   Skills:
 + Level 6.3 Fighting
 * Level 9.4 Maces & Flails
 + Level 6.4 Dodging
 - Level 3.0 Shields


You had 8 spell levels left.
You didn't know any spells.
Your spell library was empty.

Dungeon Overview and Level Annotations

Branches:
Dungeon (9/15)             Temple (1/1) D:5
   Lair: D:8-11         Orc: D:9-12

Altars:
Ashenzari
Cheibriados
Fedhas
Gozag
Hepliaklqana
Kikubaaqudgha
Makhleb
Nemelex Xobeh
Okawaru
Qazlal
Ru
Sif Muna
Trog
Uskayaw
Vehumet
Wu Jian
Yredelemnul
Zin
The Shining One


Innate Abilities, Weirdness & Mutations

You are too large for most types of armour.
You have claws for hands.
Your metabolism is lightning-fast.
You like to eat raw meat.
Your natural rate of healing is unusually fast.
You are covered in fur. (AC +1)
You have very tough skin. (AC +2)


Message History

You see here a black bear skeleton.
Things that are here:
a whip; an orc corpse; a crocodile corpse You start resting.
Eating one of 2 chunks of flesh.
You eat one of the 2 chunks of flesh.
This raw flesh tastes great.
Eating a chunk of flesh.
You eat the chunk of flesh.
This raw flesh tastes great.
Okawaru sends forces against you! 3 nagas, a naga warrior, a cyclops and a naga sharpshooter come into view.
The naga sharpshooter is wielding a dire flail of protection.
The naga sharpshooter moves out of view.
You hit the cyclops but do no damage. The naga hits you with a battleaxe!!
* * * LOW HITPOINT WARNING * * *
The naga barely misses you.
The naga warrior hits you from afar with a trident!!
* * * LOW HITPOINT WARNING * * *
You thump the cyclops! You burn the cyclops.
The cyclops is moderately wounded.
The cyclops hits you!!
You die...

#....P.P.P.P.
#..PP.P...P..
#<.....PPP..P .
#.#PN...P.... ....
#.###NN...... ...
#.# #รท#...... #..
#.# #N#....##
####.##.###N#/...#
.........C@.# ...#
####..#.##### ...#
......(.....# ###
.#.##.#.###.#
#<...# #.# #.#..#
#.# # #.#..# #.#.#
#.#..###.#.#
#.##>......#


You could see a naga warrior, a cyclops and 3 nagas.

Vanquished Creatures
  Pikel (D:7)
  Joseph (D:7)
  A hungry ghost (D:7)
  A porcupine (D:9)
  2 slaves (D:7)
  3 orc warriors
  A black bear (D:9)
  A phantom (D:7)
  A necrophage (D:7)
  A sky beast (D:7)
  3 centaurs
  3 ogres
  A crocodile (D:9)
  4 bullfrogs
  A water moccasin skeleton (D:5)
  4 wights (D:7)
  2 crimson imps (D:7)
  A bullfrog zombie (D:5)
  A quasit (D:9)
  2 hounds
  4 orc priests
  2 bullfrog skeletons
  A jelly (D:5)
  5 orc wizards
  2 centaur skeletons
  Jessica (D:2)
  2 iguanas (D:5)
  3 worker ants
  A killer bee zombie (D:6)
  A hound skeleton (D:7)
  A worker ant zombie (D:5)
  3 gnolls (D:3)
  6 adders
  3 oozes
  3 adder skeletons
  2 worms (D:2)
  3 dart slugs
  9 leopard geckos
  26 orcs
  A ball python (D:2)
  7 giant cockroaches
  9 goblins
  5 hobgoblins
  7 jackals
  7 kobolds
  5 bats
  8 frilled lizards
  A giant cockroach zombie (D:5)
  5 rats
168 creatures vanquished.

Notes
Turn   | Place    | Note
-------+----------+-------------------------------------------
     0 | D:1      | Htamos the Troll Fighter began the quest for the Orb.
     0 | D:1      | Reached XP level 1. HP: 22/22 MP: 0/0
    61 | D:1      | Reached skill level 2 in Maces & Flails
   127 | D:1      | Reached XP level 2. HP: 29/29 MP: 1/1
   447 | D:2      | Found a hide-covered altar of Uskayaw.
   449 | D:2      | Noticed a dagger
   449 | D:2      | Noticed a hand axe
   492 | D:2      | Found an iron altar of Okawaru.
   492 | D:2      | Noticed Jessica
   507 | D:2      | Killed Jessica
   507 | D:2      | Reached XP level 3. HP: 13/36 MP: 2/2
   562 | D:2      | Became a worshipper of Warmaster Okawaru
   647 | D:2      | Reached XP level 4. HP: 30/44 MP: 3/3
   839 | D:2      | Reached skill level 3 in Maces & Flails
  1048 | D:2      | Found a sacrificial altar of Ru.
  1433 | D:3      | Reached XP level 5. HP: 50/53 MP: 4/4
  2174 | D:4      | Noticed an ogre
  2181 | D:4      | Killed an ogre
  2181 | D:4      | Reached skill level 4 in Maces & Flails
  2181 | D:4      | Reached XP level 6. HP: 61/61 MP: 5/5
  2268 | D:4      | Found a sparkling altar of Nemelex Xobeh.
  2409 | D:4      | Reached * piety under Okawaru
  2459 | D:4      | Got a faintly glowing flail {flame}
  2466 | D:4      | Identified the +8 flail of Karma {flame, rC+ MP-9 Str+4} (You took it off an orc on level 4 of the Dungeon)
  2546 | D:5      | Entered Level 5 of the Dungeon
  2767 | D:5      | Reached XP level 7. HP: 41/68 MP: 0/6
  2842 | D:5      | Reached skill level 5 in Maces & Flails
  2862 | D:5      | Found a staircase to the Ecumenical Temple.
  2864 | D:5      | Found a faded altar of an unknown god.
  2877 | Temple   | Entered the Ecumenical Temple
  3717 | D:6      | Found a glowing golden altar of the Shining One.
  3776 | D:6      | Reached ** piety under Okawaru
  3794 | D:6      | Found a deep blue altar of Sif Muna.
  4001 | D:6      | Reached skill level 6 in Maces & Flails
  4003 | D:6      | Reached XP level 8. HP: 54/79 MP: 0/7
  4453 | D:7      | Reached skill level 7 in Maces & Flails
  4453 | D:7      | Reached skill level 5 in Dodging
  4462 | D:7      | Noticed Joseph
  4475 | D:7      | Killed Joseph
  4475 | D:7      | Reached *** piety under Okawaru
  4475 | D:7      | Reached skill level 5 in Fighting
  4570 | D:7      | Reached XP level 9. HP: 88/88 MP: 0/8
  4681 | D:7      | Reached **** piety under Okawaru
  4771 | D:7      | Reached skill level 8 in Maces & Flails
  4916 | D:7      | Got a glittering brass amulet
  4933 | D:7      | Found a bloodstained altar of Trog.
  4934 | D:7      | Identified the amulet of Doors {RegenMP Str+4 Stlth+} (You found it on level 7 of the Dungeon)
  4953 | D:7      | Fell from the grace of Okawaru
  4954 | D:7      | Became a worshipper of Trog the Wrathful
  4965 | D:7      | Noticed Pikel
  4980 | D:7      | Killed Pikel
  5231 | D:7      | Found a burning altar of Makhleb.
  5466 | D:8      | Reached skill level 9 in Maces & Flails
  5467 | D:8      | Noticed a deep elf knight
  5467 | D:8      | Noticed a deep elf mage
  5467 | D:8      | Noticed a deep elf mage
  5467 | D:8      | Noticed a cyclops
  5468 | D:8      | Noticed a deep elf mage
  5469 | D:8      | Noticed a deep elf mage
  5600 | D:9      | Noticed a naga warrior
  5600 | D:9      | Noticed a naga sharpshooter
  5600 | D:9      | Noticed a cyclops
  5602 | D:9      | Mangled by a cyclops

Vault maps used:
D:1:      ebering_hopf_link
D:2:      marbit_many_paths, dancing_weapons_uskayaw, okawaru_trees_1,
          uniq_jessica
D:3:      minmay_misc_feat_five
D:4:      nemelex_xobeh_ov_fountains_minmay, first_ration
D:5:      nicolae_temple_entry_ecumenical, minmay_misc_feat_square
D:6:      old_standard_altar, kennysheep_mini, feat_on_display
D:7:      overflow_temple_1_default, makhleb_blood_cavern_becter, uniq_pikel,
          uniq_joseph
D:8:      grunt_dithmenos_smoke, tgw_xom, enter_bailey_3, blue_anna_alchemist,
          minmay_misc_feat_roman, skrybe_limestone_x, minmay_misc_feat_doors,
          uniq_prince_ribbit1
D:9:      kennysheep_little_box, grunt_lair_entry_orc_guard_hut, basic_altar,
          serial_shops, shop_fountains, shop
Temple:   minmay_temple_curvy_loop

Skill      XL: |  1  2  3  4  5  6  7  8  9 |
---------------+----------------------------+-----
Maces & Flails | 2 3 4 6 7 9 |  9.4
Fighting       | 3 4 5 6 |  6.3
Dodging        | 3 4 5 6 |  6.4
Shields        | 3 |  3.0

Action                   |  1- 3 |  4- 6 |  7- 9 || total
-------------------------+-------+-------+-------++-------
Melee: Flail             |    90 |   216 |   211 ||   517
Invok: Renounce Religion |       |       |     1 ||     1
  Use: Potion            |     1 |       |       ||     1
       Scroll            |       |     4 |     2 ||     6
 Stab: Sleeping          |     2 |     1 |       ||     3
  Eat: Chunk             |    12 |    20 |    25 ||    57
       Ration            |       |       |     1 ||     1
Armor: Robe              |    38 |    66 |    43 ||   147
Dodge: Dodged            |    41 |    86 |   100 ||   227
Block: Shield            |    51 |    66 |    36 ||   153

Table legend:
 A = Spawn XP
 B = Non-spawn XP
 C = Spawn XP percentage of total XP
 D = Spawn monster count
 E = Non-spawn monster count
 F = Spawn count percentage of total count
 G = Total turns spent on level
                    A         B        C        D         E        F      G
               +---------+---------+-------+---------+---------+-------+---------
         Total |       0 |    5379 |   0.0 |       0 |     166 |   0.0 |  5602
               +---------+---------+-------+---------+---------+-------+---------
           D:1 |       0 |      28 |   0.0 |       0 |      17 |   0.0 |   433
           D:2 |       0 |     118 |   0.0 |       0 |      25 |   0.0 |   790
           D:3 |       0 |     140 |   0.0 |       0 |      23 |   0.0 |   835
           D:4 |       0 |     178 |   0.0 |       0 |      11 |   0.0 |   488
           D:5 |       0 |     654 |   0.0 |       0 |      29 |   0.0 |   821
           D:6 |       0 |     445 |   0.0 |       0 |      16 |   0.0 |   702
           D:7 |       0 |    2899 |   0.0 |       0 |      32 |   0.0 |  1148
           D:8 |       0 |     362 |   0.0 |       0 |       6 |   0.0 |    61
           D:9 |       0 |     555 |   0.0 |       0 |       7 |   0.0 |    89
               +---------+---------+-------+---------+---------+-------+---------
